 Dungeon Crawl Stone Soup version 0.30-a0-373-gd37427bb62 (webtiles) character file.

Game seed: 18206186038674087816

692 Raultor the Changer (level 7, -4/43 HPs)
             Began as an Octopode Transmuter on Nov 23, 2022.
             Slain by a centaur zombie (5 damage)
             ... in an ossuary.
             The game lasted 00:11:59 (4223 turns).

Raultor the Changer (Octopode Transmuter)           Turns: 4223, Time: 00:11:59

Health: -4/43      AC:  1    Str: 11    XL:     7   Next: 63%
Magic:  8/10       EV: 13    Int: 16    God:
Gold:   224        SH:  5    Dex: 12    Spells: 0/10 levels left

rFire   . . .      SeeInvis .      - Unarmed
rCold   . . .      Faith    .    (no shield)
rNeg    + . .      Spirit   .    (helmet currently unavailable)
rPois   .          Reflect  +    h - amulet of reflection
rElec   .          Harm     .    N - ring of positive energy
rCorr   .          Rampage  .    (no ring)
Will    .....                    (no ring)
Stlth   ++........               (no ring)
HPRegen 0.27/turn                (no ring)
MPRegen 0.12/turn                (no ring)
                                 (no ring)
                                 (no ring)

@: appendages, marked, wereblooded
A: tentacle spike 3, almost no armour, amphibious, 8 rings, camouflage 1,
gelatinous body 1, (nimble swimmer 1), tentacles
a: End Transformation


You were in an ossuary.
One of your tentacles had grown a beastly spike.
You visited 1 branch of the dungeon, and saw 5 of its levels.
You also visited: Ossuary.

You collected 224 gold pieces.


Innate Abilities, Weirdness & Mutations

One of your tentacles has grown a beastly spike.
You cannot wear most types of armour.
You are amphibious.
You can wear up to eight rings at the same time.
Your skin changes colour to match your surroundings (Stealth+).
Your rubbery body absorbs attacks. (AC +1, EV +1)
((You are camouflaged when in or above water. (Stealth+)))
You have tentacles for arms and can constrict up to eight enemies at once.


   Skills:
 - Level 1.0 Fighting
 - Level 2.0 Dodging
 - Level 3.0 Unarmed Combat
 - Level 2.0 Spellcasting
 + Level 6.4 Transmutations
 * Level 2.6 Ice Magic
 - Level 4.9 Poison Magic


You couldn't memorise any spells.
You knew the following spells:

 Your Spells              Type           Power      Damage    Failure   Level
b - Beastly Appendage     Tmut           44%        N/A       1%          1
c - Ice Form              Ice/Tmut       16%        N/A       32%         4
s - Spider Form           Tmut/Pois      19%        N/A       6%          3
w - Wereblood             Tmut           22%        N/A       2%          2

Your spell library contained the following spells:

 Spells                   Type           Power      Damage    Failure   Level


Inventory:

Jewellery
 h - an amulet of reflection (around mantle)
 F - a ring of fire
 N - a ring of positive energy (left tentacle)
Wands
 j - a wand of polymorph (1)
Scrolls
 c - a scroll of enchant armour {unknown}
 e - 2 scrolls of immolation {unknown}
 f - a scroll of identify {unknown}
 k - a scroll of noise {unknown}
 l - a scroll of amnesia {unknown}
Potions
 a - a potion of lignification
 b - 2 potions of degeneration {unknown}
 d - 3 potions of curing {unknown}
 g - a potion of mutation {unknown}
 i - a potion of might {unknown}
 m - a potion of magic {unknown}

Dungeon Overview and Level Annotations

Branches:
Dungeon (5/15)            Ossuary (1/1)
 Temple: D:4-7

Altars:
The Shining One

.......
▒▒.....▒▒
▒.......▒
▒▒....^▒▒
▒.^.....▒
▒...^.▒
▒.....▒
▒.ZZZ.▒
▒.Z@..▒
▒.....▒
▒..∩..▒
▒.....▒
▒.....▒
▒.....▒
▒.....▒
▒▒...▒▒
▒▒▒▒▒


You could see 4 centaur zombies.


Message History

The hobgoblin zombie is severely damaged.
You constrict the hobgoblin zombie.
You feel a bit better.
You destroy the hobgoblin zombie!
The centaur zombie hits you.
* * * LOW HITPOINT WARNING * * *
The centaur zombie kicks you.
* * * LOW HITPOINT WARNING * * *
The centaur zombie hits you.
* * * LOW HITPOINT WARNING * * *
The centaur zombie kicks you.
* * * LOW HITPOINT WARNING * * *
The centaur zombie misses you. The centaur zombie closely misses you.
You howl as the wereblood boils in your veins!
The centaur zombie attacks as you move away!
You block the centaur zombie's attack. The centaur zombie kicks you.
* * * LOW HITPOINT WARNING * * *
The centaur zombie hits you.
* * * LOW HITPOINT WARNING * * *
The centaur zombie closely misses you.
The centaur zombie attacks as you move away!
You block the centaur zombie's attack. The centaur zombie barely misses you.
The centaur zombie closely misses you. You block the centaur zombie's attack.
The centaur zombie hits you.
* * * LOW HITPOINT WARNING * * *
The centaur zombie kicks you.
* * * LOW HITPOINT WARNING * * *
There is a gate leading back out of this place here.
You howl as the wereblood boils in your veins!
The centaur zombie hits you.
You die...

Skill      XL: |  1  2  3  4  5  6  7 |
---------------+----------------------+-----
Transmutations | 3 4 5 6 |  6.4
Poison Magic   | 2 3 4 |  4.9
Ice Magic      | 2 |  2.6
Fighting       | |  1.0
Dodging        | |  2.0
Unarmed Combat | |  3.0
Spellcasting   | |  2.0

Action                   |  1- 3 |  4- 6 |  7- 9 || total
-------------------------+-------+-------+-------++-------
Melee: Unarmed           |    79 |    88 |    84 ||   251
       Tentacles         |    20 |    18 |    20 ||    58
       Constrict         |    16 |    22 |    16 ||    54
       Kick              |     8 |    24 |    20 ||    52
       Punch             |       |     6 |     4 ||    10
 Cast: Beastly Appendage |     8 |     9 |     6 ||    23
       Wereblood         |     1 |     3 |     4 ||     8
       Spider Form       |       |     2 |     1 ||     3
 Stab: Sleeping          |     7 |     4 |     1 ||    12
Armor: Skin              |     7 |     1 |     4 ||    12
Dodge: Dodged            |    46 |    29 |    44 ||   119
Block: Other             |       |    13 |    14 ||    27
       Reflection        |       |       |     1 ||     1

Levels and vault maps discovered:
D:1:      dpeg_arrival_pond, layout_loops_corners
D:2:      wad_crossroads, layout_loops_cross
D:3:      layout_basic, nicolae_tso_swordbearing_angel, corexii_hall_statues_i,
          uniq_crazy_yiuf_cottage
D:4:      layout_basic, uniq_natasha
D:5:      layout_basic, minmay_temple_entry_water_ring, enter_ossuary_5
Ossuary:  ossuary_the_hunt_dpeg

Notes
Turn   | Place    | Note
-------+----------+-------------------------------------------
     0 | D:1      | Raultor the Octopode Transmuter began the quest for the
                  | Orb.
     0 | D:1      | Reached XP level 1. HP: 13/13 MP: 3/3
   255 | D:1      | Reached XP level 2. HP: 11/18 MP: 5/5
   308 | D:1      | Learned a level 2 spell: Wereblood
   374 | D:1      | Reached skill level 3 in Transmutations
   956 | D:2      | Reached XP level 3. HP: 22/23 MP: 6/6
  1314 | D:2      | Reached skill level 4 in Transmutations
  1529 | D:2      | Reached XP level 4. HP: 28/28 MP: 5/7
  1533 | D:2      | Learned a level 3 spell: Spider Form
  1816 | D:3      | Noticed a necrophage
  1827 | D:3      | Killed a necrophage
  1828 | D:3      | Reached skill level 2 in Poison Magic
  1828 | D:3      | Reached XP level 5. HP: 33/33 MP: 8/8
  2316 | D:3      | Found a glowing golden altar of the Shining One.
  2373 | D:3      | Reached skill level 5 in Transmutations
  2960 | D:3      | Found a runed translucent door.
  2961 | D:3      | Noticed Crazy Yiuf
  3007 | D:3      | Killed Crazy Yiuf
  3008 | D:3      | Reached skill level 3 in Poison Magic
  3175 | D:4      | Reached XP level 6. HP: 17/38 MP: 7/9
  3286 | D:4      | Noticed a black bear
  3304 | D:4      | Killed a black bear
  3305 | D:4      | Reached skill level 4 in Poison Magic
  3312 | D:4      | Reached skill level 6 in Transmutations
  3312 | D:4      | Reached XP level 7. HP: 30/43 MP: 8/10
  3327 | D:4      | Learned a level 4 spell: Ice Form
  3395 | D:4      | Noticed Natasha
  3412 | D:4      | Killed Natasha
  3533 | D:4      | Reached skill level 1 in Ice Magic
  3997 | D:5      | Entered Level 5 of the Dungeon
  4005 | D:5      | Reached skill level 2 in Ice Magic
  4013 | D:5      | Identified the +1 glaive of Luxury {freeze, rF+ Dex+3
                  | Stlth+}
  4032 | D:5      | Found a sand-covered staircase.
  4100 | Ossuary  | Entered an ossuary
  4221 | Ossuary  | HP: 4/43 [centaur zombie (3)]
  4222 | Ossuary  | HP: 1/43 [centaur zombie (1)]
  4223 | Ossuary  | Slain by a centaur zombie

Vanquished Creatures
  A black bear (D:4)
  A scorpion (D:4)
  2 necrophages
  A jelly (D:4)
  An orc priest (D:3)
  A hound (D:5)
  Crazy Yiuf (D:3)
  3 iguanas
  Natasha (D:4)
  3 mummies (Ossuary)
  6 adders
  An ufetubus (D:4)
  4 worms
  A dart slug (D:3)
  8 orcs
  10 ball pythons
  3 bats
  9 endoplasms
  5 giant cockroaches
  4 goblins
  5 hobgoblins
  3 jackals (D:2)
  4 quokkas
  5 frilled lizards
  A hobgoblin zombie (Ossuary)
  8 kobolds
  5 rats
97 creatures vanquished.

Table legend: (Time is in decaauts)
 A = Elapsed time spent in this place.
 B = Non-inter-level travel time spent in this place.
 C = Inter-level travel time spent in this place.
 D = Time resting spent in this place.
 E = Time spent auto-exploring this place.
 F = Levels seen in this place.
 G = Mean time per level.
                   A        B        C        D        E       F      G
               +--------+--------+--------+--------+--------+-----+--------+
         Total |   4194 |   4159 |     35 |    213 |   3234 |   6 |  699.0 |
       Dungeon |   4073 |   4038 |     35 |    199 |   3158 |   5 |  814.6 |
       Ossuary |    121 |    121 |      0 |     14 |     76 |   1 |  121.0 |
               +--------+--------+--------+--------+--------+-----+--------+

Top non-repeatable levels by time:
     D:3: 1297 daAuts
     D:1: 946 daAuts
     D:2: 864 daAuts
     D:4: 863 daAuts
 Ossuary: 121 daAuts
     D:5: 102 daAuts

Table legend:
 A = Non-vault XP
 B = Vault XP
 C = Vault XP percentage of total XP
 D = Non-vault monster count
 E = Vault monster count
 F = Vault count percentage of total count
                 A         B        C        D         E       F
            +---------+---------+-------+---------+---------+-------
      Total |     847 |     142 |  14.4 |      87 |      10 |  10.3
            +---------+---------+-------+---------+---------+-------
        D:1 |      33 |       0 |   0.0 |      21 |       0 |   0.0
        D:2 |      55 |      10 |  15.4 |      18 |       4 |  18.2
        D:3 |     165 |      39 |  19.1 |      20 |       1 |   4.8
        D:4 |     514 |      35 |   6.4 |      25 |       1 |   3.8
        D:5 |      80 |       0 |   0.0 |       3 |       0 |   0.0
    Ossuary |       0 |      58 | 100.0 |       0 |       4 | 100.0
            +---------+---------+-------+---------+---------+-------
